 Dungeon Crawl Stone Soup version 0.22-a0-469-gf26638a (webtiles) character file.

1757 Laiders72 the Cudgeler (level 9, -2/71 HPs)
             Began as a Formicid Fighter on June 13, 2018.
             Slain by an orc warrior
             ... wielding a +0 short sword
              (15 damage)
             ... on level 7 of the Dungeon.
             The game lasted 00:14:21 (5499 turns).

Laiders72 the Cudgeler (Formicid Fighter)           Turns: 5499, Time: 00:14:22

Health: -2/71      AC: 11    Str: 23    XL:     9   Next: 27%
Magic:  9/9        EV:  7    Int:  8    God:
Gold:   313        SH: 11    Dex: 15    Spells: 8/8 levels left

rFire    . . .     SeeInvis +   x - +10 long sword "Zingeoc" {protect, +Inv}
rCold    . . .     Gourm    .   c - +0 shield
rNeg     . . .     Faith    .   t - +0 chain mail
rPois    .         Spirit   .   (helmet unavailable)
rElec    .         Reflect  .   o - +0 cloak
rCorr    .         Harm     .   (no gloves)
MR       .....                  (no boots)
Stlth    ..........             q - amulet of regeneration
HPRegen  0.61/turn              m - +4 ring of dexterity
MPRegen  0.11/turn              (no ring)

@: no status effects
A: permanent stasis, dig shafts and tunnels, four strong arms, antennae 3
a: Dig, Shaft Self, Evoke Invisibility


You were on level 7 of the Dungeon.
You were not hungry.

You visited 1 branch of the dungeon, and saw 7 of its levels.

You collected 313 gold pieces.

Inventory:

Hand Weapons
 a - a +0 flail
 k - a +0 morningstar
 x - the +10 long sword "Zingeoc" (weapon) {protect, +Inv}
   (You found it on level 6 of the Dungeon)

   It protects the one who uses it against injury (+AC on strike).
   It lets you turn invisible.
Missiles
 j - 23 tomahawks (quivered)
 n - a throwing net
Armour
 c - a +0 shield (worn)
 o - a +0 cloak (worn)
 t - a +0 chain mail (worn)
Jewellery
 m - a +4 ring of dexterity (left hand)
 q - an amulet of regeneration (around neck)
Wands
 d - a wand of flame (21)
 C - a wand of digging (18)
Scrolls
 b - 2 scrolls of random uselessness {unknown}
 e - a scroll of teleportation {unknown}
 g - a scroll of remove curse {unknown}
 h - a scroll of blinking {unknown}
 i - a scroll of enchant armour {unknown}
 r - 2 scrolls of fear
 s - a scroll of fog {unknown}
 w - a scroll of magic mapping {unknown}
 y - a scroll of identify
 z - a scroll of enchant weapon {unknown}
Potions
 l - 2 potions of curing
 p - a potion of lignification
 u - 3 potions of invisibility {unknown}
 v - a potion of might
 B - a potion of brilliance {unknown}
Comestibles
 f - 11 rations
 A - 6 chunks of flesh


   Skills:
 + Level 6.4 Fighting
 * Level 7.4 Maces & Flails
 + Level 6.5 Armour
 + Level 7.0 Shields


You had 8 spell levels left.
You didn't know any spells.
Your spell library contained the following spells:

 Spells                   Type           Power        Failure   Level  Hunger
 Magic Dart               Conj           #...         99%         1    ##.....
 Conjure Flame            Conj/Fire      #.......     100%        3    ####...
 Slow                     Hex            #.......     100%        2    ###....
 Mephitic Cloud           Conj/Pois/Air  #.......     100%        3    ####...
 Blink                    Tloc           N/A          100%        2    ###....
 Call Imp                 Summ           #.......     100%        2    ###....


Dungeon Overview and Level Annotations

Branches:
Dungeon (7/15)             Temple (0/1) D:7

Altars:
Fedhas


Innate Abilities, Weirdness & Mutations

You cannot be hasted, slowed, berserked, paralysed or teleported.
You can dig through walls and to a lower floor.
Your four strong arms can wield two-handed weapons with a shield.
You have a pair of large antennae on your head. (SInv)


Message History

The orc wizard shouts!
You hit the two-headed ogre.
The two-headed ogre is almost dead.
The two-headed ogre hits you with a giant club!
* * * LOW HITPOINT WARNING * * *
The two-headed ogre hits you but does no damage.
Okay, then.
You see here a scroll labeled TEENUI FUDENOQU.
Okay, then.
As you read the scroll of fear, it crumbles to dust.
You assume a fearsome visage.
The two-headed ogre looks frightened!
The orc warrior resists with some effort.
The two-headed ogre pleads, "Please don't kill me!"
Found 9 gold pieces.
You block the orc warrior's attack.
You barely miss the orc warrior. You block the orc warrior's attack.
Your chain mail prevents you from hitting the orc warrior.
You block the orc warrior's attack.
The orc warrior hits you with a short sword!
You die...

##...# ##.. .....#
#... .... ##.. ....#
... .... .... #..## $.
....# ..##..## #..#
.## #....#..
#..###..###..###
#.....#
##888#.........#
#.....# #8...8@o.o..#
#....# ##8.>...###.##
#....###.8...8## #.#
.###..##...#888#.# #.#
###
............###...##.#
)... ...##......##
#..#.# ..... .##
#......# #..{o## #...#
. #......##
##.(.?###...# ###
#.......###
##.O......##


You could see an orc warrior and an orc wizard.

Vanquished Creatures
  Grinder (D:3)
  A hungry ghost (D:6)
  The ghost of MothsLongingForFire the Shield-Bearer, an amateur GrFi (D:4)
  A phantom (D:6)
  3 ogres
  A centaur (D:6)
  A bullfrog (D:7)
  2 scorpions (D:4)
  A howler monkey (D:3)
  A crimson imp (D:5)
  2 orc priests
  2 hounds
  A jelly (D:5)
  4 orc wizards
  A bullfrog skeleton (D:6)
  7 worker ants
  A hound zombie (D:6)
  A hound skeleton (D:4)
  5 adders
  A shadow imp (D:6)
  2 oozes
  2 worms
  27 orcs
  2 ball pythons
  8 bats
  2 giant cockroaches
  11 hobgoblins
  5 jackals
  4 quokkas
  6 frilled lizards
  A giant cockroach zombie (D:5)
  13 goblins
  8 kobolds
  6 rats
135 creatures vanquished.

Notes
Turn   | Place    | Note
-------+----------+-------------------------------------------
     0 | D:1      | Laiders72 the Formicid Fighter began the quest for the Orb.
     0 | D:1      | Reached XP level 1. HP: 18/18 MP: 1/1
   106 | D:1      | Reached XP level 2. HP: 23/24 MP: 2/2
   610 | D:1      | Reached XP level 3. HP: 20/29 MP: 3/3
  1557 | D:2      | Reached XP level 4. HP: 31/37 MP: 4/4
  2066 | D:3      | Found a faded altar of an unknown god.
  2099 | D:3      | Noticed Grinder
  2101 | D:3      | Reached XP level 5. HP: 41/42 MP: 5/5
  2128 | D:3      | Killed Grinder
  2128 | D:3      | Reached XP level 6. HP: 33/49 MP: 6/6
  2412 | D:4      | Reached skill level 5 in Shields
  2451 | D:4      | Reached XP level 7. HP: 30/55 MP: 7/7
  2574 | D:4      | Noticed MothsLongingForFire's ghost (amateur GrFi)
  3212 | D:4      | Reached skill level 5 in Maces & Flails
  3226 | D:4      | Reached skill level 5 in Armour
  3382 | D:4      | Reached skill level 5 in Fighting
  3467 | D:4      | Reached XP level 8. HP: 51/62 MP: 8/8
  3617 | D:4      | Killed MothsLongingForFire's ghost
  3836 | D:5      | Entered Level 5 of the Dungeon
  3908 | D:5      | Found a blossoming altar of Fedhas.
  4888 | D:6      | Got a shimmering long sword
  4889 | D:6      | Identified the +10 long sword "Zingeoc" {protect, +Inv} (You found it on level 6 of the Dungeon)
  4922 | D:6      | Reached XP level 9. HP: 69/69 MP: 9/9
  5438 | D:7      | Found a staircase to the Ecumenical Temple.
  5476 | D:7      | Noticed a two-headed ogre
  5483 | D:7      | HP: 2/71 [two-headed ogre/giant club (12)]
  5499 | D:7      | Slain by an orc warrior

Vault maps used:
D:1:      minmay_arrival_three_doors, kennysheep_boxes
D:3:      chequers_ecumenical_altar_simple, uniq_grinder
D:5:      lemuel_crystal_altar, first_ration
D:7:      minmay_temple_entry_statues, serial_shops, nicolae_shop_waterfront,
          nicolae_shop_window_shopping,
          nicolae_shop_competitors_out_of_business, shop_fountains,
          kennysheep_mini_moat

Skill      XL: |  1  2  3  4  5  6  7  8  9 |
---------------+----------------------------+-----
Shields        | 4 5 6 7 |  7.0
Maces & Flails | 3 4 5 6 7 |  7.4
Fighting       | 4 5 6 |  6.4
Armour         | 4 5 6 |  6.5

Action                   |  1- 3 |  4- 6 |  7- 9 || total
-------------------------+-------+-------+-------++-------
Melee: Flail             |   118 |   136 |   244 ||   498
       Long sword        |       |       |    45 ||    45
 Abil: Dig               |       |       |     1 ||     1
  Use: Scroll            |       |     4 |     3 ||     7
       Potion            |       |     1 |       ||     1
  Eat: Chunk             |     2 |     3 |     8 ||    13
       Ration            |       |       |     1 ||     1
Armor: Scale mail        |    46 |    49 |    98 ||   193
       Chain mail        |       |       |    37 ||    37
Dodge: Dodged            |    44 |    30 |   102 ||   176
Block: Shield            |    65 |    78 |   157 ||   300
       Rpst.: Long sword |       |       |     2 ||     2

Table legend:
 A = Spawn XP
 B = Non-spawn XP
 C = Spawn XP percentage of total XP
 D = Spawn monster count
 E = Non-spawn monster count
 F = Spawn count percentage of total count
 G = Total turns spent on level
                    A         B        C        D         E        F      G
               +---------+---------+-------+---------+---------+-------+---------
         Total |       0 |    2510 |   0.0 |       0 |     135 |   0.0 |  5499
               +---------+---------+-------+---------+---------+-------+---------
           D:1 |       0 |      34 |   0.0 |       0 |      21 |   0.0 |  1076
           D:2 |       0 |      35 |   0.0 |       0 |      18 |   0.0 |   614
           D:3 |       0 |     442 |   0.0 |       0 |      33 |   0.0 |  1278
           D:4 |       0 |     682 |   0.0 |       0 |      25 |   0.0 |   868
           D:5 |       0 |     323 |   0.0 |       0 |      17 |   0.0 |   717
           D:6 |       0 |     866 |   0.0 |       0 |      19 |   0.0 |   790
           D:7 |       0 |     128 |   0.0 |       0 |       2 |   0.0 |   156
               +---------+---------+-------+---------+---------+-------+---------
